 Dungeon Crawl Stone Soup version 0.14-a0-1653-g0ad7a2c (webtiles) character file.

326 M4edhros the Changer (level 5, -2/39 HPs)
             Began as a Demigod Transmuter on Dec 27, 2013.
             Killed by divine providence
             ... invoked by an orc priest
              (17 damage)
             ... on Level 4 of the Dungeon.
             The game lasted 00:06:41 (5478 turns).

M4edhros the Changer (Demigod Transmuter)           Turns: 5478, Time: 00:06:42

HP  -2/39        AC 15     Str 14      XL: 5   Next: 58%
MP   9/9         EV  2     Int 25      God:
Gold 73          SH  0     Dex 16      Spells:  1 memorised,  6 levels left

rFire  + . .     SeeInvis .     u - +0,+5 short sword (protect)
rCold  . . .     Clarity  .     z - +0 plate armour
rNeg   . . .     Conserve .     (no shield)
rPois  .         rCorr    .     (no helmet)
rElec  .         rRot     .     (no cloak)
SustAb . .       Spirit   .     (no gloves)
rMut   .         Warding  .     (no boots)
Saprov . . .     Stasis   .     (no amulet)
                                r - ring of protection from fire
                                y - +6 ring of intelligence

@: somewhat resistant to hostile enchantments, extremely unstealthy
A: low mp 1, magic resistance 1, spit poison 1
a: Spit Poison


You were on level 4 of the Dungeon.
You were hungry.

You visited 1 branch of the dungeon, and saw 4 of its levels.

You collected 73 gold pieces.

Inventory:

Hand weapons
 n - a +4,+2 elven dagger
 q - a cursed -3,-1 mace
 u - a +0,+5 short sword of protection (weapon)
Missiles
 b - 12 arrows
Armour
 c - a +0 robe
 z - a +0 plate armour (worn)
Magical devices
 o - a wand of teleportation (0)
Comestibles
 a - a bread ration
 h - 4 meat rations
 l - a choko
Scrolls
 e - 3 scrolls of identify
 g - a scroll of magic mapping
 i - a scroll of teleportation
 k - 2 scrolls of remove curse
Jewellery
 p - an uncursed ring of flight
 r - a ring of protection from fire (right hand)
 v - an uncursed ring of teleportation
 y - a +6 ring of intelligence (left hand)
Potions
 f - a potion of curing
 j - 2 potions of restore abilities
 m - a potion of magic
Books
 d - a book of Changes

   Spells                             Type                      Level
   *Beastly Appendage                 Transmutation                1
   Sticks to Snakes                   Transmutation                2
   Spider Form                        Transmutation/Poison         3
   Ice Form                           Ice/Transmutation            4
   Blade Hands                        Transmutation                5


   Skills:
 - Level 0.8 Fighting
 - Level 1.7 Dodging
 - Level 2.6 Unarmed Combat
 - Level 1.7 Spellcasting
 + Level 5.7 Transmutations


You had 6 spell levels left.
You knew the following spells:

 Your Spells              Type           Power        Failure   Level  Hunger
a - Beastly Appendage     Trmt           ####..       100%        1    #......


Dungeon Overview and Level Annotations

Branches:
Dungeon (4/16)
 Temple: D:4-7


Innate Abilities, Weirdness & Mutations

Your magical capacity is low (-10% MP).
You are resistant to hostile enchantments.
You can spit poison.


Message History

No target in view!
No target in view!
You start resting.
An orc priest is nearby!
Things that are here:
an orcish dagger; an orcish ring mail; an orc corpse; an iguana corpse An orc priest is nearby!
The orc priest shouts!
Things that are here:
an orcish hand axe; an orcish leather armour Drink which item? (? for menu, Esc to quit)
Okay, then.
The orc priest calls down the wrath of Beogh upon you.
Something smites you!
* * * LOW HITPOINT WARNING * * *
Drink which item? (? for menu, Esc to quit)
You feel better.
The orc priest calls down the wrath of Beogh upon you.
Something smites you!
You die...

* #.#.#
#.#***#.....##. *
#.#.####.#
#..#.###o *
####l.....o.#
#...o..oo *
#.....o####.#
#..#...o. *
#.######
#.#####..###### *
#l# #.l.lo.o.#*
## * #.#
######z...# #.
**** #.##########
#.....#*#. ,,,,,*
#....o..@..#
#......... ****,*
##########)#
#z....###. *, #)#
##...## *. *,*
#(# ##.##*** *,*
#.# *..,,,,, *,*
#.# *******, *,*
#.# *, *,* #.#
*** *
*,************#.#
**,*****


You could see an orc priest.

Vanquished Creatures
  An iguana (D:4)
  2 worker ants
  6 adders
  3 gnolls (D:4)
  A giant mite (D:1)
  3 worms (D:2)
  3 giant geckos
  6 orcs
  A ball python (D:2)
  8 bats
  2 giant cockroaches
  12 goblins
  5 hobgoblins
  5 jackals (D:3)
  7 kobolds
  3 giant newts
  A kobold skeleton (D:4)
  10 rats
79 creatures vanquished.

Vanquished Creatures (others)
  A giant cockroach (D:4)
1 creature vanquished.

Grand Total: 80 creatures vanquished

Notes
Turn   | Place    | Note
--------------------------------------------------------------
     0 | D:1      | M4edhros, the Demigod Transmuter, began the quest for the Orb.
     0 | D:1      | Reached XP level 1. HP: 15/15 MP: 3/3
   446 | D:1      | Reached XP level 2. HP: 14/22 MP: 4/4
   958 | D:1      | Reached skill level 3 in Transmutations
  1073 | D:1      | Paralysed by a potion of paralysis for 7 turns
  1294 | D:2      | Reached XP level 3. HP: 25/27 MP: 7/7
  2358 | D:2      | Reached skill level 4 in Transmutations
  2358 | D:2      | Reached XP level 4. HP: 12/34 MP: 9/9
  3039 | D:2      | Gained mutation: You can spit poison. [potion of mutation]
  3039 | D:2      | Gained mutation: Your magical capacity is low (-10% MP). [potion of mutation]
  3039 | D:2      | Gained mutation: You are resistant to hostile enchantments. [potion of mutation]
  3463 | D:2      | Found a glowing golden altar of the Shining One.
  3481 | D:2      | Found a radiant altar of Vehumet.
  4135 | D:3      | Found a bloodstained altar of Trog.
  4779 | D:4      | Reached skill level 5 in Transmutations
  5173 | D:4      | Reached XP level 5. HP: 27/39 MP: 9/9
  5478 | D:4      | Killed from afar by an orc priest

Action                   |  1- 3 |  4- 6 || total
-------------------------+-------+-------++-------
Melee: Unarmed           |    79 |       ||    79
       Dagger            |    93 |    80 ||   173
       Short sword       |       |   118 ||   118
 Abil: Spit Poison       |       |     8 ||     8
Evoke: Wand              |       |     2 ||     2
  Use: Potion            |     6 |     6 ||    12
       Scroll            |       |    10 ||    10
 Stab: Sleeping          |     1 |       ||     1
